 Dungeon Crawl Stone Soup version 0.30.0-5-g1a98f26d00 (webtiles) character file.

Game seed: 12771448214029959349

56 cheesebisquit the Trooper (level 3, 0/33 HPs)
             Began as a Draconian Fire Elementalist on May 9, 2023.
             Slain by Terence
             ... wielding a +0 mace
              (2 damage)
             ... on level 2 of the Dungeon.
             The game lasted 00:03:14 (1140 turns).

cheesebisquit the Trooper (DrFE)                    Turns: 1140, Time: 00:03:14

Health: 0/33       AC:  5    Str: 10    XL:     3   Next: 71%
Magic:  5/6        EV: 12    Int: 23    God:
Gold:   121        SH:  0    Dex: 11    Spells: 5/6 levels left

rFire   . . .        b - +0 short sword
rCold   . . .        (no shield)
rNeg    . . .        (body armour unavailable)
rPois   .            (helmet restricted)
rElec   .            (no cloak)
rCorr   .            (no gloves)
SInv    .            (no boots)
Will    .....        (no amulet)
Stlth   ++           j - +6 ring of intelligence
HPRegen 0.25/turn    (no ring)
MPRegen 0.10/turn

%: no passive effects
@: no status effects
A: AC +5, unfitting armour, cold-blooded
a: no special abilities


You were on level 2 of the Dungeon.
You visited 1 branch of the dungeon, and saw 2 of its levels.

You collected 121 gold pieces.

Inventory:

Hand Weapons
 b - a +0 short sword (weapon)
Jewellery
 j - a +6 ring of intelligence (left hand)
Wands
 g - a wand of flame (19)
Scrolls
 d - 2 scrolls of identify {unknown}
 i - a scroll of enchant weapon {unknown}
 k - a scroll of vulnerability {unknown}
Potions
 c - 3 potions of lignification {unknown}
 e - a potion of haste {unknown}
 f - 2 potions of curing {unknown}
 h - 2 potions of heal wounds {unknown}
 l - a potion of might {unknown}


   Skills:
 + Level 3.8 Fighting
 - Level 1.7 Dodging
 - Level 1.7 Stealth
 - Level 2.0 Spellcasting
 - Level 1.0 Conjurations
 - Level 3.0 Fire Magic


You had 5 spell levels left.
You knew the following spells:

 Your Spells              Type           Power      Damage    Failure   Level
a - Foxfire               Conj/Fire      44%        2x1d6     5%          1

Your spell library contained the following spells:

 Spells                   Type           Power      Damage    Failure   Level
 Scorch                   Fire           32%        2d6       5%          2
 Slow                     Hex            8%         N/A       13%         1
 Inner Flame              Hex/Fire       9%         N/A       21%         3
 Volatile Blastmotes      Fire/Tloc      18%        2d11      21%         3
 Flame Wave               Conj/Fire      11%        2d6       50%         4


Dungeon Overview and Level Annotations

Branches:
Dungeon (2/15)

Altars:

Annotations:
D:2 Terence


Innate Abilities, Weirdness & Mutations

Your plain brown scales are hard. (AC +5)
You cannot fit into any form of body armour.
You are cold-blooded and may be slowed by cold attacks.


Message History

Okay, then.
You barely miss Terence.
Terence is moderately wounded.
The foxfire hits Terence but does no damage.
Terence is moderately wounded.
The foxfire hits Terence.
Terence is heavily wounded.
Terence hits you with a +0 mace.
* * * LOW HITPOINT WARNING * * *
Okay, then.
Casting: Foxfire (safe; 5% risk of failure)
Press: ? - help, Q - select action, (/) - cycle Dir - look around, f - activate You conjure some foxfire!
Terence hits you with a +0 mace.
* * * LOW HITPOINT WARNING * * *
The kobold hits you with a +0 club.
* * * LOW HITPOINT WARNING * * *
You hit Terence but do no damage.
Terence is heavily wounded.
The foxfire hits Terence but does no damage.
Terence is heavily wounded.
The foxfire hits Terence but does no damage.
Terence is heavily wounded.
The kobold hits you but does no damage. Terence hits you but does no damage.
Magic courses through your body. Terence closely misses you.
The kobold hits you but does no damage.
Casting: Foxfire (safe; 5% risk of failure)
Press: ? - help, Q - select action, (/) - cycle Dir - look around, f - activate You conjure some foxfire!
Terence barely misses you. The kobold closely misses you.
You hit Terence.
Your tail-slap misses Terence.
Terence is heavily wounded.
The foxfire hits Terence but does no damage.
Terence is heavily wounded.
The foxfire hits Terence.
Terence is almost dead.
The kobold closely misses you. Terence screams, "I want your blood!"
Terence hits you with a +0 mace.
You die...

#........#
##........###
...>.....+.. ....
#(.......#.# #..#
# #........#.#
#..## ...
#........#.# #..#.
?....#K.ยง.....#.#
#..#.
......@@........#
#..#.
.....###.####.###
#..#. ... #.#
##..#####..#. .
#.# #............
#.# #.#####'#####
#.# #.###.....###
##.###.##.....###.
#......#.....###..
#......#....###..)


You could see Terence and a kobold.

Vanquished Creatures
  2 adders (D:2)
  A dart slug (D:1)
  6 endoplasms
  3 giant cockroaches
  2 goblins (D:1)
  4 hobgoblins
  5 kobolds
  2 quokkas
  A ball python (D:1)
  2 bats (D:1)
  2 frilled lizards
  5 rats
35 creatures vanquished.

Vanquished Creatures (others)
  88 foxfires
88 creatures vanquished.

Grand Total: 123 creatures vanquished

Notes
Turn   | Place    | Note
-------+----------+-------------------------------------------
     0 | D:1      | cheesebisquit the Draconian Fire Elementalist began the
                  | quest for the Orb.
     0 | D:1      | Reached XP level 1. HP: 14/14 MP: 3/3
    30 | D:1      | Reached skill level 1 in Fighting
   102 | D:1      | Reached XP level 2. HP: 24/24 MP: 0/5
   286 | D:1      | Found a faded altar of an unknown god.
   309 | D:1      | Got Plato's Anthology of Malisons
   558 | D:1      | You fall into a shaft and drop 1 floor!
   588 | D:2      | Reached XP level 3. HP: 26/31 MP: 1/6
  1124 | D:2      | Noticed Terence
  1136 | D:2      | HP: 1/33 [kobold/+0 club (1)]
  1140 | D:2      | Slain by Terence

Illustrated notes

Levels and vault maps discovered:
D:1:      kennysheep_arrival_forest, layout_rooms,
          shapermc_ecumenical_altar_rom_forum, serial_corexii_hall,
          corexii_hall_statues_x, corexii_hall_statues_s,
          corexii_hall_statues_u, corexii_hall_statues_l
D:2:      layout_basic, minmay_quadrilaterals, uniq_terence

Skill      XL: |  1  2 |
---------------+-------+-----
Fighting       | 1 3 |  3.8
Dodging        | |  1.7
Stealth        | |  1.7
Spellcasting   | |  2.0
Conjurations   | |  1.0
Fire Magic     | |  3.0

Action                     || total
---------------------------++-------
  Melee: Unarmed           ||    16
         Tailslap          ||     8
         Punch             ||     1
         Short sword       ||    20
   Cast: Foxfire           ||    51
    Use: Potion            ||     1
 Armour: Skin              ||    12
  Dodge: Dodged            ||    26
